 Dungeon Crawl Stone Soup version 0.30.0-15-g856e2d3f33 (webtiles) character file.

Game seed: 17818811901086966924

1631 qw the Cleaver (level 8, -1/51 HPs)
             Began as a Gargoyle Cinder Acolyte on May 18, 2023.
             Was an Elder of Ignis.
             Slain by Joseph
             ... wielding a +0 quarterstaff
              (8 damage)
             ... on level 7 of the Dungeon.
             The game lasted 00:02:51 (5739 turns).

qw the Cleaver (Gargoyle Cinder Acolyte)            Turns: 5739, Time: 00:02:52

Health: -1/51      AC: 18    Str: 20    XL:     8   Next: 98%
Magic:  9/9        EV: 13    Int: 15    God:    Ignis [****..]
Gold:   113        SH:  5    Dex:  5    Spells: 9/9 levels left

rFire   + . .        Y - +1 war axe (venom)
rCold   . . .        (no shield)
rNeg    + + .        h - +0 chain mail
rPois   inf          (no helmet)
rElec   +            k - +2 cloak
rCorr   .            (no gloves)
SInv    .            (no boots)
Will    .....        i - amulet of reflection Stlth
                     b - +5 ring of evasion
HPRegen 0.28/turn    e - ring of positive energy
MPRegen 0.11/turn

%: reflection
@: no status effects
A: sickness immunity, AC +5, negative energy resistance 1, electricity
resistance, torment resistance 1, petrification resistance
a: Renounce Religion, Fiery Armour, Foxfire Swarm, Rising Flame


You were on level 7 of the Dungeon.
You worshipped Ignis.
Ignis was greatly pleased with you.
You visited 1 branch of the dungeon, and saw 7 of its levels.

You collected 388 gold pieces.
You spent 275 gold pieces at shops.


Innate Abilities, Weirdness & Mutations

You are immune to sickness and miasma.
Your stone body is resilient. (AC +5)
You are immune to poison.
You resist negative energy. (rN+)
You are resistant to electric shocks. (rElec)
You are resistant to unholy torment.
You are immune to petrification.


   Skills:
 - Level 6.0 Fighting
 + Level 8.5 Axes
 - Level 1.8 Throwing
 - Level 4.3 Armour
 - Level 1.0 Spellcasting
 - Level 3.0 Fire Magic


You had 9 spell levels left.
You didn't know any spells.
Your spell library contained the following spells:

 Spells                   Type           Power      Damage    Failure   Level
 Scorch                   Fire           18%        2d6       61%         2

Inventory:

Hand Weapons
 a - a +1 hand axe of flaming
 Y - a +1 war axe of venom (weapon)
Missiles
 m - 8 boomerangs (quivered)
Armour
 h - a +0 chain mail (worn)
 k - a +2 cloak (worn)
 q - a +0 helmet
Jewellery
 b - a +5 ring of evasion (left hand)
 e - a ring of positive energy (right hand)
 i - an amulet of reflection (around neck)
 j - a ring of fire
 l - a ring of protection from cold
Scrolls
 o - a scroll of enchant armour
 p - a scroll of identify
Potions
 c - 5 potions of curing
 d - 3 potions of heal wounds
 f - a potion of degeneration {unknown}
 g - a potion of cancellation {unknown}
 n - a potion of berserk rage {unknown}

Dungeon Overview and Level Annotations

Branches:
Dungeon (7/15)             Temple (0/1) D:5

Altars:
Dithmenos
Elyvilon
Fedhas
Gozag
Hepliaklqana
Okawaru
Sif Muna
Trog
Xom
The Shining One

Shops:
D:2 (   D:7 :=([

Annotations:
D:4 1 runed translucent door, Crazy Yiuf
D:7 Joseph


Message History

There is an open door here.
There is an escape hatch in the floor here.
You open the door.
There is an open door here.
You see here a +0 war axe.
You now have 99 gold pieces (gained 10).
You open the door.
There is an open door here.
You now have 113 gold pieces (gained 14).
Joseph, a Mercenary comes into view.
He is wielding a +0 quarterstaff.
Joseph shouts!
Joseph unwields a +0 quarterstaff.
Joseph wields a +0 sling.
Joseph shoots a sling bullet.
The sling bullet barely misses you.
Joseph drinks a potion.
Joseph flickers and vanishes!
Deactivating autopickup; reactivate with Ctrl-A.
Autopickup is now on.
Lua error: [string "/dgldir/rcfiles/crawl-bot-0.30/qwlua.rc"]:3713: Cannot currently process new keys (there is pending input)
Something hits you!
Deactivating autopickup; reactivate with Ctrl-A.
Autopickup is now on.
Lua error: [string "/dgldir/rcfiles/crawl-bot-0.30/qwlua.rc"]:3713: Cannot currently process new keys (there is pending input) Deactivating autopickup; reactivate with Ctrl-A.
You barely miss something. You miss something. Something hits you. x2
You miss something. Something hits you.
You miss something. Something hits you but does no damage.
You hit something. Something hits you.
You barely miss something. Something hits you!
You hit something. Something hits you.
You hit something. Something hits you!
You hit something. Something hits you!
You die...

##.# ...###.# #.#
#..#<#.# ##'####
#..#.#.#
......###..#.#.#
.......##....#.#
.......##.####.#
.......##......#
######.#############.#
#..........@{...#
#################


There were no monsters in sight!

Vanquished Creatures
  Sigmund (D:3)
  A water moccasin (D:7)
  A sky beast (D:6)
  Duvessa (D:5)
  2 black bears
  A phantom (D:5)
  A bullfrog (D:6)
  A kobold brigand (D:6)
  A scorpion (D:6)
  Dowan (D:5)
  A howler monkey (D:5)
  3 hounds
  An orc priest (D:4)
  A jelly (D:7)
  Ijyb (D:5)
  A sleepcap (D:6)
  6 iguanas
  Terence (D:3)
  3 gnolls (D:6)
  9 adders
  A shadow imp (D:7)
  A white imp (D:5)
  4 worms
  3 dart slugs
  12 orcs
  9 ball pythons
  6 bats
  10 endoplasms
  6 giant cockroaches
  9 goblins
  8 hobgoblins (D:1)
  5 quokkas
  A frilled lizard (D:1)
  9 kobolds
  9 rats
131 creatures vanquished.

Notes
Turn   | Place    | Note
-------+----------+-------------------------------------------
     0 | D:1      | qw the Gargoyle Cinder Acolyte began the quest for the Orb.
     0 | D:1      | Reached XP level 1. HP: 14/14 MP: 2/2
     0 | D:1      | 0 ||| qw: Version: 0.2-a-95-gc95f03d
     0 | D:1      | 0 ||| qw: Game counter: 66
     0 | D:1      | 0 ||| qw: Always use a shield: true
     0 | D:1      | 0 ||| qw: God list: Okawaru
     0 | D:1      | 0 ||| qw: Allow faded altars: false
     0 | D:1      | 0 ||| qw: Do Orc after D:15 true
     0 | D:1      | 0 ||| qw: Do second Lair branch before Depths: true
     0 | D:1      | 0 ||| qw: Lair rune preference: random
     0 | D:1      | 0 ||| qw: Plans: Normal
     0 | D:1      | 0 ||| PLANNING D:1-11
    73 | D:1      | Reached skill level 3 in Axes
    93 | D:1      | Reached XP level 2. HP: 19/19 MP: 3/3
   207 | D:1      | 207 ||| INVOKING Fiery Armour.
   414 | D:1      | Reached XP level 3. HP: 23/23 MP: 4/4
   780 | D:1      | 780 ||| Stepping ~*~*~tactically~*~*~ (stealth).
   818 | D:1      | 818 ||| Stepping ~*~*~tactically~*~*~ (stealth).
   913 | D:1      | Reached skill level 4 in Axes
   939 | D:1      | 939 ||| Stepping ~*~*~tactically~*~*~ (stealth).
   953 | D:1      | 953 ||| Stepping ~*~*~tactically~*~*~ (stealth).
   954 | D:1      | 954 ||| Stepping ~*~*~tactically~*~*~ (stealth).
  1037 | D:1      | Found a faded altar of an unknown god.
  1065 | D:1      | 1065 ||| UPGRADING to amulet of the acrobat.
  1070 | D:1      | 1070 ||| UPGRADING to amulet of reflection.
  1080 | D:1      | 1080 ||| DROPPING amulet of the acrobat.
  1081 | D:1      | 1081 ||| READING scroll labelled AGRAIL IL ATE.
  1082 | D:1      | 1082 ||| READING scroll labelled POMOMI ETWYV.
  1083 | D:1      | 1083 ||| READING scroll labelled ZOTHAM KOZXIES GYE.
  1084 | D:1      | 1084 ||| READING scroll labelled EQIEG DAOPU.
  1085 | D:1      | 1085 ||| READING scroll labelled DAR ZUYMUTWU.
  1086 | D:1      | 1086 ||| DRINKING 5 purple potions.
  1192 | D:2      | Reached XP level 4. HP: 28/28 MP: 5/5
  1235 | D:2      | 1235 ||| Stepping ~*~*~tactically~*~*~ (stealth).
  1352 | D:2      | Found Tukuret's Antique Weapon Emporium.
  1590 | D:2      | 1590 ||| UPGRADING to +0 leather armour.
  1600 | D:2      | 1600 ||| DROPPING +0 robe.
  1601 | D:2      | 1601 ||| UPGRADING to +0 chain mail.
  1611 | D:2      | 1611 ||| DROPPING +0 leather armour.
  1612 | D:2      | 1612 ||| UPGRADING to +2 cloak.
  1617 | D:2      | 1617 ||| READING scroll labelled XEKLOYZXOA.
  1618 | D:2      | 1618 ||| READING 3 scrolls labelled CUABLYTH UZUSA.
  1619 | D:2      | 1619 ||| READING scroll labelled ILIYMM LOSHANN.
  1620 | D:2      | 1620 ||| READING scroll labelled IWO IDOXAOGH.
  1621 | D:2      | 1621 ||| DROPPING 2 scrolls of magic mapping.
  1677 | D:3      | 1677 ||| Stepping ~*~*~tactically~*~*~ (hiding).
  1700 | D:3      | 1700 ||| READING scroll of enchant weapon.
  1700 | D:3      | 1700 ||| ENCHANTING +0 hand axe of flaming.
  1740 | D:3      | Reached skill level 1 in Armour
  1911 | D:3      | Noticed Terence
  1919 | D:3      | Killed Terence
  1920 | D:3      | Reached XP level 5. HP: 28/32 MP: 6/6
  1946 | D:3      | 1946 ||| Stepping ~*~*~tactically~*~*~ (stealth).
  2021 | D:3      | 2021 ||| SWAPPING to +0 war axe.
  2058 | D:3      | Found a bloodstained altar of Trog.
  2073 | D:3      | Found a white marble altar of Elyvilon.
  2080 | D:3      | Found a shadowy altar of Dithmenos.
  2100 | D:3      | Found a shimmering altar of Xom.
  2102 | D:3      | Found a blossoming altar of Fedhas.
  2107 | D:3      | Found a shimmering blue altar of Sif Muna.
  2114 | D:3      | Noticed Sigmund
  2136 | D:3      | Killed Sigmund
  2137 | D:3      | Reached skill level 6 in Axes
  2137 | D:3      | Reached XP level 6. HP: 30/37 MP: 7/7
  2297 | D:3      | 2297 ||| INVOKING Fiery Armour.
  2433 | D:3      | 2433 ||| READING 2 scrolls labelled ASHYSY HEHA.
  2434 | D:3      | 2434 ||| READING scroll labelled CIMYSI KA VENE.
  2435 | D:3      | 2435 ||| DRINKING 3 inky potions.
  2436 | D:3      | 2436 ||| DROPPING scroll of noise.
  2691 | D:4      | 2691 ||| Stepping ~*~*~tactically~*~*~ (hiding).
  2844 | D:4      | Found a runed translucent door.
  2845 | D:4      | Noticed Crazy Yiuf
  2894 | D:4      | Reached XP level 7. HP: 43/43 MP: 8/8
  2905 | D:4      | 2905 ||| READING scroll of enchant weapon.
  2905 | D:4      | 2905 ||| ENCHANTING +0 war axe.
  2924 | D:4      | 2924 ||| Stepping ~*~*~tactically~*~*~ (hiding).
  2930 | D:4      | Reached skill level 3 in Armour
  3025 | D:4      | Found a glowing golden altar of the Shining One.
  3122 | D:4      | Found an iron altar of Okawaru.
  3136 | D:4      | Found an opulent altar of Gozag.
  3341 | D:4      | 3341 ||| DROPPING +6 ring of intelligence.
  3342 | D:4      | 3342 ||| READING scroll labelled MIMYIPA BUDI.
  3343 | D:4      | 3343 ||| READING scroll labelled HAH HUNUEDDOPP.
  3344 | D:4      | 3344 ||| READING scroll labelled UKIGGO IXEATUBB.
  3413 | D:4      | 3413 ||| DRINKING 3 metallic sapphire potions.
  3414 | D:4      | 3414 ||| DRINKING 6 potions of curing.
  3414 | D:4      | 3414 ||| (to cure confusion)
  3415 | D:4      | 3415 ||| DROPPING 2 potions of ambrosia.
  3437 | D:5      | Entered Level 5 of the Dungeon
  3537 | D:5      | Noticed Duvessa
  3537 | D:5      | Noticed Dowan
  3538 | D:5      | 3538 ||| Stepping ~*~*~tactically~*~*~ (hiding).
  3539 | D:5      | 3539 ||| Stepping ~*~*~tactically~*~*~ (hiding).
  3542 | D:5      | 3542 ||| Stepping ~*~*~tactically~*~*~ (hiding).
  3543 | D:5      | 3543 ||| Stepping ~*~*~tactically~*~*~ (hiding).
  3544 | D:5      | 3544 ||| Stepping ~*~*~tactically~*~*~ (hiding).
  3545 | D:5      | 3545 ||| INVOKING Fiery Armour.
  3551 | D:5      | Killed Dowan
  3555 | D:5      | Killed Duvessa
  3638 | D:5      | Found a hazy altar of Hepliaklqana.
  3655 | D:5      | 3655 ||| Stepping ~*~*~tactically~*~*~ (stealth).
  3683 | D:5      | Found a staircase to the Ecumenical Temple.
  3813 | D:5      | Noticed Ijyb
  3819 | D:5      | Reached skill level 7 in Axes
  3827 | D:5      | 3827 ||| INVOKING Fiery Armour.
  3828 | D:5      | Killed Ijyb
  3831 | D:5      | HP: 10/44 [black bear (4)]
  3832 | D:5      | 3832 ||| READING scroll of teleportation.
  3833 | D:5      | 3833 ||| DRINKING 3 potions of heal wounds.
  4011 | D:5      | Reached XP level 8. HP: 49/49 MP: 9/9
  4075 | D:5      | Reached skill level 1 in Throwing
  4259 | D:5      | 4259 ||| UPGRADING to +5 ring of evasion.
  4260 | D:5      | 4260 ||| DROPPING ring of magical power.
  4261 | D:5      | 4261 ||| READING scroll labelled WIF SOM DEMOR.
  4262 | D:5      | 4262 ||| READING scroll labelled WAXEUG ZAYVERPH.
  4363 | D:5      | 4363 ||| DRINKING 2 amethyst potions.
  4364 | D:5      | 4364 ||| READING 2 scrolls of identify.
  4364 | D:5      | 4364 ||| IDENTIFYING bubbling amethyst potion
  4365 | D:5      | 4365 ||| DROPPING potion of brilliance.
  4366 | D:5      | 4366 ||| DROPPING potion of lignification.
  4576 | D:6      | 4576 ||| Stepping ~*~*~tactically~*~*~ (hiding).
  4714 | D:6      | Reached skill level 8 in Axes
  4756 | D:6      | Reached skill level 6 in Fighting
  4949 | D:6      | 4949 ||| Stepping ~*~*~tactically~*~*~ (stealth).
  4953 | D:6      | 4953 ||| Stepping ~*~*~tactically~*~*~ (stealth).
  4958 | D:6      | 4958 ||| Stepping ~*~*~tactically~*~*~ (stealth).
  4959 | D:6      | 4959 ||| Stepping ~*~*~tactically~*~*~ (stealth).
  5244 | D:6      | 5244 ||| UPGRADING to ring of positive energy.
  5274 | D:7      | Found Betuh's Weapon Shop.
  5291 | D:7      | Found Himen's Jewellery Boutique.
  5294 | D:7      | 5294 ||| SHOPLISTING +4 ring of protection (396 gold, have
                  | 348).
  5294 | D:7      | 5294 ||| BUYING ring of fire (275 gold).
  5294 | D:7      | Bought a ring of fire for 275 gold pieces
  5294 | D:7      | 5294 ||| SHOPLISTING ring of ice (275 gold, have 73).
  5297 | D:7      | 5297 ||| Stepping ~*~*~tactically~*~*~ (hiding).
  5298 | D:7      | 5298 ||| Stepping ~*~*~tactically~*~*~ (hiding).
  5338 | D:7      | Found Qikhy's Armour Shop.
  5341 | D:7      | 5341 ||| SHOPLISTING +0 plate armour (276 gold, have 73).
  5341 | D:7      | 5341 ||| SHOPLISTING +1 plate armour of cold resistance
                  | (420 gold, have 73).
  5341 | D:7      | 5341 ||| SHOPLISTING +2 hat (192 gold, have 73).
  5398 | D:7      | Found Wimpix's Book Boutique.
  5726 | D:7      | Noticed Joseph
  5738 | D:7      | HP: 7/51 [something (10)]
  5739 | D:7      | Slain by Joseph

Levels and vault maps discovered:
D:1:      onia_arrival_mini_spirals, layout_loops_corners,
          shapermc_ecumenical_altar_mp_ritualfount
D:2:      layout_rooms, serial_shops, shop_fountains, minmay_indecisive_spiral
D:3:      layout_rooms, nicolae_overflow_hallway_of_the_gods, fountainhead,
          uniq_sigmund, uniq_terence
D:4:      layout_loops_ring, mainiacjoe_overflow_alcove_2,
          mainiacjoe_overflow_large_starburst, uniq_crazy_yiuf_cottage
D:5:      layout_basic, old_standard_altar, minmay_temple_entry_nine_rooms,
          hangedman_decor_diamond_cutter, kennysheep_generic_room_7,
          uniq_duvessa, uniq_ijyb
D:6:      layout_cave_pods, minmay_between
D:7:      layout_basic, serial_shops, shop, nicolae_shop_tiny_real_fake_doors,
          nicolae_shop_window_shopping, nicolae_book_shop_shelving, uniq_joseph

Skill      XL: |  1  2  3  4  5  6  7  8 |
---------------+-------------------------+-----
Axes           | 3 4 6 7 8 |  8.5
Armour         | 2 3 4 |  4.3
Fighting       | 4 5 6 |  6.0
Throwing       | 1 |  1.8
Spellcasting   | |  1.0
Fire Magic     | |  3.0

Action                     |  1- 3 |  4- 6 |  7- 9 || total
---------------------------+-------+-------+-------++-------
  Melee: Hand axe          |   104 |    87 |       ||   191
         Punch             |     2 |     2 |       ||     4
         War axe           |       |    97 |   145 ||   242
  Throw: Boomerang         |       |    35 |    50 ||    85
 Invoke: Fiery Armour      |     1 |     1 |     2 ||     4
    Use: Scroll            |     5 |     7 |     8 ||    20
         Potion            |     1 |     1 |     4 ||     6
   Stab: Distracted        |       |     1 |       ||     1
 Armour: Robe              |    27 |    15 |       ||    42
         Chain mail        |       |    64 |    61 ||   125
  Dodge: Dodged            |    56 |    58 |    56 ||   170
  Block: Other             |     5 |    41 |    35 ||    81

Table legend:
 A = Non-vault XP
 B = Vault XP
 C = Vault XP percentage of total XP
 D = Non-vault monster count
 E = Vault monster count
 F = Vault count percentage of total count
                 A         B        C        D         E       F
            +---------+---------+-------+---------+---------+-------
      Total |    1533 |     798 |  34.2 |     117 |      14 |  10.7
            +---------+---------+-------+---------+---------+-------
        D:1 |      58 |       0 |   0.0 |      33 |       0 |   0.0
        D:2 |      68 |       6 |   8.1 |      17 |       4 |  19.0
        D:3 |      96 |     263 |  73.3 |      16 |       2 |  11.1
        D:4 |     182 |       0 |   0.0 |      22 |       0 |   0.0
        D:5 |     298 |     351 |  54.1 |       8 |       5 |  38.5
        D:6 |     601 |     178 |  22.8 |      17 |       3 |  15.0
        D:7 |     230 |       0 |   0.0 |       4 |       0 |   0.0
            +---------+---------+-------+---------+---------+-------
